 Dungeon Crawl Stone Soup version 0.26.1-11-gd32895ea62 (webtiles) character file.

Game seed: 3596871193930029206

361 H0rd4k the Insei (level 6, -1/38 HPs)
             Began as an Octopode Transmuter on June 22, 2021.
             Was an Initiate of Gozag.
             Slain by a centaur warrior zombie (5 damage)
             ... on level 6 of the Dungeon.
             The game lasted 00:04:35 (6188 turns).

H0rd4k the Insei (Octopode Transmuter)              Turns: 6188, Time: 00:04:35

Health: -1/38      AC:  1    Str:  9    XL:     6   Next: 66%
Magic:  10/10      EV: 14    Int: 18    God:    Gozag
Gold:   194        SH:  5    Dex: 12    Spells: 7/11 levels left

rFire    . . .     SeeInvis .     - Unarmed
rCold    . . .     Faith    .   (no shield)
rNeg     . . .     Spirit   .   (helmet currently unavailable)
rPois    .         Reflect  +   q - amulet of reflection
rElec    .         Harm     .   c - ring of stealth
rCorr    +         Rampage  .   s - ring of resist corrosion
Will     .....                  (no ring)
Stlth    +++.......             (no ring)
HPRegen  0.12/turn              (no ring)
MPRegen  0.12/turn              (no ring)
                                (no ring)
                                (no ring)

@: appendages
A: almost no armour, stealthy swim, amphibious, 8 rings, constrict 8, tentacle
spike 3, camouflage 1, gelatinous body 1
a: End Transformation, Renounce Religion, Potion Petition, Call Merchant, Bribe
Branch


You were on level 6 of the Dungeon.
You worshipped Gozag.
Gozag was aware of your devotion.
One of your tentacles had a temporary spike.
You visited 2 branches of the dungeon, and saw 7 of its levels.

You collected 243 gold pieces.
You paid 49 gold pieces to Gozag.

Inventory:

Hand Weapons
 p - the +4 spear "Hiofin" {vorpal, +Blink rF+ Dex+2, unknown}
   (You found it on level 4 of the Dungeon)

   It inflicts extra damage upon your enemies.
   It affects your dexterity (+2).
   It protects you from fire.
   It lets you blink.
Missiles
 m - 3 silver javelins
Jewellery
 c - a ring of stealth (left tentacle)
 d - a cursed -4 ring of strength {unknown}
 q - an amulet of reflection (around mantle)
 s - a ring of resist corrosion (right tentacle)
Wands
 r - a wand of disintegration (5)
 t - a wand of flame (18)
 x - a wand of iceblast (8)
Scrolls
 b - 2 scrolls of magic mapping {unknown}
 g - 4 scrolls of identify
 i - 3 scrolls of amnesia {unknown}
 j - 6 scrolls of remove curse {unknown}
 k - 2 scrolls of random uselessness {unknown}
 l - 5 scrolls of teleportation
 n - a scroll of enchant weapon {unknown}
 v - a scroll of noise {unknown}
Potions
 a - 3 potions of lignification
 e - 2 potions of curing {unknown}
 f - a potion of attraction {unknown}
 h - 3 potions of ambrosia {unknown}
 o - a potion of haste {unknown}
 u - a potion of magic {unknown}
 w - a potion of degeneration {unknown}


   Skills:
 + Level 1.5 Fighting
 + Level 2.9 Dodging
 - Level 0.8 Stealth
 + Level 5.1 Unarmed Combat
 * Level 3.1 Spellcasting
 * Level 3.1 Transmutations
 + Level 2.0 Poison Magic


You had 7 spell levels left.
You knew the following spells:

 Your Spells              Type           Power        Failure   Level
a - Beastly Appendage     Tmut           28%          4%          1
b - Spider Form           Tmut/Pois      6%           17%         3

Your spell library contained the following spells:

 Spells                   Type           Power        Failure   Level
 Wereblood                Tmut           14%          7%          2
 Ice Form                 Ice/Tmut       8%           63%         4
 Blade Hands              Tmut           7%           77%         5


Dungeon Overview and Level Annotations

Branches:
Dungeon (6/15)             Temple (1/1) D:5

Altars:
Ashenzari
Cheibriados
Dithmenos
Elyvilon
Gozag
Hepliaklqana
Kikubaaqudgha
Makhleb
Nemelex Xobeh
Qazlal
Sif Muna
Uskayaw
Vehumet
Wu Jian
Xom
Yredelemnul
Zin
The Shining One

Shops:
D:6 [[}

Annotations:
D:6 Dowan


Innate Abilities, Weirdness & Mutations

You cannot wear most types of armour.
You are very stealthy in the water. (Stealth+)
You are amphibious.
You can wear up to eight rings at the same time.
You can use your tentacles to constrict eight enemies at once.
Your skin changes colour to match your surroundings (Stealth+).
Your rubbery body absorbs attacks. (AC +1, EV +1)
One of your tentacles bears a large vicious spike.


Message History

Aiming: Disintegrate
Press: ? - help, Shift-Dir - straight line, f - centaur warrior zombie
Aim: a centaur warrior zombie (moderately damaged, chance to affect: 71%)
The centaur warrior zombie is blasted!!
The centaur warrior zombie closely misses you.
Unknown command.
Aiming: Disintegrate
Press: ? - help, Shift-Dir - straight line, f/p - centaur warrior zombie
Aim: a centaur warrior zombie (heavily damaged, chance to affect: 71%)
The centaur warrior zombie is blasted!
The centaur warrior zombie hits you.
* * * LOW HITPOINT WARNING * * *
Unknown command.
Aiming: Disintegrate
Press: ? - help, Shift-Dir - straight line, f/p - centaur warrior zombie
Aim: a centaur warrior zombie (severely damaged, chance to affect: 71%)
The centaur warrior zombie is blasted!!
The centaur warrior zombie hits you.
* * * LOW HITPOINT WARNING * * *
The centaur warrior zombie hits you.
You die...
Your body crumbles into a pile of gold.

#)................
#.................
................
...............
######............ $
#....#............
....#............
#...##Z###.......
##...##@..#.......
#....#....#$......
#....#....#...h... .
#....)....#....... .
##...##'###.......##
#
##...##...#........#
#....'....#........+
#....#....# ......(#
##...##...# .....(#


You could see a centaur warrior zombie.

Vanquished Creatures
  A water moccasin skeleton (D:5)
  A howler monkey (D:6)
  3 hounds
  A worker ant (D:4)
  6 adders
  A white imp (D:5)
  An ufetubus (D:5)
  An ooze (D:3)
  An adder skeleton (D:4)
  An adder zombie (D:5)
  2 worms (D:2)
  4 leopard geckos
  4 orcs
  11 bats
  5 giant cockroaches
  3 goblins
  4 hobgoblins
  4 jackals (D:2)
  3 quokkas
  5 frilled lizards
  A giant cockroach zombie (D:5)
  10 kobolds
  5 rats
78 creatures vanquished.

Notes
Turn   | Place    | Note
-------+----------+-------------------------------------------
     0 | D:1      | H0rd4k the Octopode Transmuter began the quest for the Orb.
     0 | D:1      | Reached XP level 1. HP: 13/13 MP: 3/3
   209 | D:1      | Reached XP level 2. HP: 12/18 MP: 5/5
   807 | D:1      | You fall into a shaft and drop 1 floor!
   828 | D:2      | Reached XP level 3. HP: 21/23 MP: 6/6
   832 | D:2      | Learned a level 3 spell: Spider Form
  2158 | D:3      | Reached XP level 4. HP: 28/28 MP: 7/7
  2198 | D:3      | Reached skill level 1 in Poison Magic
  3316 | D:4      | Got a crude spear
  3345 | D:4      | Reached skill level 4 in Unarmed Combat
  3345 | D:4      | Reached XP level 5. HP: 29/33 MP: 7/9
  3755 | D:4      | Found a sparkling altar of Nemelex Xobeh.
  4532 | D:5      | Entered Level 5 of the Dungeon
  4702 | D:5      | Found a burning altar of Makhleb.
  4702 | D:5      | Noticed a balrug
  4705 | D:5      | Noticed a ynoxinul
  4705 | D:5      | Noticed a ynoxinul
  4898 | D:5      | Reached XP level 6. HP: 38/38 MP: 8/10
  5112 | D:5      | Found a staircase to the Ecumenical Temple.
  5166 | Temple   | Entered the Ecumenical Temple
  5269 | Temple   | Became a worshipper of Gozag Ym Sagoz the Greedy
  5838 | D:6      | Found Sekleeri's Gadget Shoppe.
  5892 | D:6      | Found Ylujin's Armour Boutique.
  5898 | D:6      | Noticed a sky beast
  5914 | D:6      | Reached skill level 5 in Unarmed Combat
  5922 | D:6      | Found Wyeby's Armour Emporium.
  5925 | D:6      | Noticed Dowan
  5933 | D:6      | Noticed a phantom
  6188 | D:6      | Slain by a centaur warrior zombie

Illustrated notes

Levels and vault maps discovered:
D:1:      shiori_shiawase, layout_loops_ring
D:2:      layout_basic
D:3:      layout_basic
D:4:      layout_layer_cave, nemelex_xobeh_ov_fountains_minmay, minivault_4
D:5:      layout_loops_corners, makhleb_altar_promises_db,
          minmay_temple_entry_grid
D:6:      layout_gridville, serial_shops, nicolae_shop_statue_plus,
          nicolae_shop_window_shopping, shop_fountains, minmay_misc_feat_iff,
          kennysheep_another_room, uniq_duvessa
Temple:   lightli_temple_of_artemis

Skill      XL: |  1  2  3  4  5  6 |
---------------+-------------------+-----
Poison Magic   | 1 2 |  2.0
Unarmed Combat | 4 5 |  5.1
Transmutations | 3 |  3.1
Spellcasting   | 3 |  3.1
Fighting       | |  1.5
Dodging        | |  2.9
Stealth        | |  0.8

Action                   |  1- 3 |  4- 6 || total
-------------------------+-------+-------++-------
Melee: Unarmed           |    87 |   137 ||   224
       Constrict         |    22 |    26 ||    48
       Tentacles         |    10 |    15 ||    25
       Punch             |     2 |     2 ||     4
       Kick              |       |     5 ||     5
 Cast: Spider Form       |       |     3 ||     3
       Beastly Appendage |       |     2 ||     2
Evoke: Wand              |       |     3 ||     3
  Use: Scroll            |       |     2 ||     2
       Potion            |       |     2 ||     2
 Stab: Sleeping          |    10 |    10 ||    20
Armor: Skin              |     8 |     9 ||    17
Dodge: Dodged            |    49 |    86 ||   135
Block: Other             |       |     7 ||     7
